 Dungeon Crawl Stone Soup version 0.21-a0-528-gf531e82 (webtiles) character file.

38 Gildeon the Chopper (level 3, -10/31 HPs)
             Began as a Minotaur Fighter on Dec 8, 2017.
             Was an Initiate of Okawaru.
             Killed from afar by tilp's ghost (12 damage)
             ... with a flame tongue
             ... on level 3 of the Dungeon.
             The game lasted 00:05:36 (1585 turns).

Gildeon the Chopper (Minotaur Fighter)              Turns: 1585, Time: 00:05:38

Health: -10/31     AC:  6    Str: 25    XL:     3   Next: 25%
Magic:  2/2        EV:  7    Int:  5    God:    Okawaru [......]
Gold:   40         SH:  9    Dex: 10    Spells: 2/2 levels left

rFire    . . .     SeeInvis .   a - +0 war axe
rCold    . . .     Gourm    .   c - +0 shield
rNeg     . . .     Faith    .   b - +0 scale mail
rPois    .         Spirit   .   (helmet restricted)
rElec    .         Reflect  .   (no cloak)
rCorr    .         Harm     .   (no gloves)
MR       .....                  (no boots)
Stlth    ..........             (no amulet)
HPRegen  0.10/turn              (no ring)
MPRegen  0.08/turn              (no ring)

@: mighty
A: retaliatory headbutt, horns 2
a: Renounce Religion


You were on level 3 of the Dungeon.
You worshipped Okawaru.
Okawaru was noncommittal.
You were not hungry.

You visited 1 branch of the dungeon, and saw 3 of its levels.

You collected 40 gold pieces.

Inventory:

Hand Weapons
 a - a +0 war axe (weapon)
Armour
 b - a +0 scale mail (worn)
 c - a +0 shield (worn)
Scrolls
 m - a scroll of magic mapping
Potions
 e - a potion of brilliance {unknown}
 h - 2 potions of curing {unknown}
 i - a potion of degeneration {unknown}
 k - a potion of lignification {unknown}
 l - a potion of flight {unknown}
Comestibles
 f - 3 bread rations
 g - 2 fruits
 j - a royal jelly


   Skills:
 - Level 3.6 Fighting
 + Level 4.5 Axes
 - Level 3.6 Armour
 - Level 3.6 Shields


You had 2 spell levels left.
You didn't know any spells.

Dungeon Overview and Level Annotations

Branches:
Dungeon (3/15)

Altars:
Okawaru

Annotations:
D:3 tilp's ghost, amateur DEFE


Innate Abilities, Weirdness & Mutations

You reflexively headbutt those who attack you in melee.
You have a pair of horns on your head.


Message History

Tilp's ghost is severely damaged.
You are covered in liquid flames!
Tilp's ghost hits you but does no damage.
You closely miss tilp's ghost. Your headbutt misses tilp's ghost.
Tilp's ghost is severely damaged.
You are covered in liquid flames!
* * * LOW HITPOINT WARNING * * *
Tilp's ghost barely misses you.
You feel very mighty all of a sudden.
You are covered in liquid flames!
* * * LOW HITPOINT WARNING * * *
Tilp's ghost closely misses you.
You hit tilp's ghost. Your headbutt misses tilp's ghost.
Tilp's ghost is almost destroyed.
You are covered in liquid flames!
* * * LOW HITPOINT WARNING * * *
You block tilp's ghost's attack.
Tilp's ghost gestures at you while chanting.
The flame tongue hits you!
You die...

#< #.# #.#
#.# #.# #
#.# .# #
#.###.#.###
##...W......
#...@)......
#.######.###
#.# .W #<# .
#.# #.# #.#
#.# #.#


You could see tilp's ghost.

Vanquished Creatures
  An adder (D:2)
  An adder skeleton (D:2)
  A leopard gecko (D:2)
  5 bats
  4 goblins
  3 hobgoblins
  5 kobolds
  A quokka (D:2)
  4 rats
25 creatures vanquished.

Notes
Turn   | Place    | Note
-------+----------+-------------------------------------------
     0 | D:1      | Gildeon the Minotaur Fighter began the quest for the Orb.
     0 | D:1      | Reached XP level 1. HP: 19/19 MP: 0/0
   186 | D:1      | Reached skill level 3 in Axes
   509 | D:1      | Reached XP level 2. HP: 26/26 MP: 1/1
   850 | D:2      | Reached skill level 4 in Axes
   895 | D:2      | Found an iron altar of Okawaru.
   909 | D:2      | Became a worshipper of Warmaster Okawaru
  1024 | D:2      | Reached XP level 3. HP: 31/31 MP: 2/2
  1571 | D:3      | Noticed tilp's ghost (amateur DEFE)
  1585 | D:3      | Killed from afar by tilp's ghost

Vault maps used:
D:1:      lightli_molten_gateway, lemuel_flame_loot_1
D:2:      okawaru_trees_1
D:3:      minmay_goblin_kobold_castle, evilmike_ruin_ashenzari, zin_treasury,
          fedhas_altar_2, chequers_big_river

Skill      XL: |  1  2 |
---------------+-------+-----
Axes           | 3 4 |  4.5
Fighting       | |  3.6
Armour         | |  3.6
Shields        | |  3.6

Action                   || total
-------------------------++-------
Melee: War axe           ||    61
       Headbutt          ||     6
  Use: Scroll            ||     4
       Potion            ||     1
  Eat: Chunk             ||     2
Armor: Scale mail        ||    27
Dodge: Dodged            ||    26
Block: Shield            ||    32

Table legend:
 A = Spawn XP
 B = Non-spawn XP
 C = Spawn XP percentage of total XP
 D = Spawn monster count
 E = Non-spawn monster count
 F = Spawn count percentage of total count
 G = Total turns spent on level
                    A         B        C        D         E        F      G
               +---------+---------+-------+---------+---------+-------+---------
         Total |       0 |      55 |   0.0 |       0 |      25 |   0.0 |  1585
               +---------+---------+-------+---------+---------+-------+---------
           D:1 |       0 |      12 |   0.0 |       0 |       8 |   0.0 |   638
           D:2 |       0 |      41 |   0.0 |       0 |      16 |   0.0 |   928
           D:3 |       0 |       2 |   0.0 |       0 |       1 |   0.0 |    19
               +---------+---------+-------+---------+---------+-------+---------
